 Dungeon Crawl Stone Soup version 0.31-a0-460-g9e667d4245 (webtiles) character file.

Game seed: 12254744906034697745

648 MisterAzrael the Ruffian (level 7, -19/43 HPs)
             Began as an Octopode Shapeshifter on Aug 4, 2023.
             Demolished by an ogre
             ... wielding a +0 giant club
              (34 damage)
             ... on level 5 of the Dungeon.
             The game lasted 00:04:11 (4066 turns).

MisterAzrael the Ruffian (Octopode Shapeshifter)    Turns: 4066, Time: 00:04:11

Health: -19/43     AC:  1    Str: 16    XL:     7   Next: 53%
Magic:  7/7        EV: 13    Int: 10    God:
Gold:   294        SH:  0    Dex: 13    Spells: 6/6 levels left

rFire   . .          .
                       - Unarmed
rCold   . . .        (no shield)
rNeg    . . .        (helmet currently unavailable)
rPois   .            (no amulet)
rElec   .            (no ring)
rCorr   .            (no ring)
SInv    .            (no ring)
Will    .....        (no ring)
Stlth   ++           (no ring)
HPRegen 0.27/turn    (no ring)
MPRegen 0.10/turn    (no ring)
                     (no ring)

%: no passive effects
@: beast-form
A: beast (slay +3), almost no armour, amphibious, 8 rings, camouflage 1,
gelatinous body 1, (nimble swimmer 1), tentacles
a: Begin Untransformation


You were on level 5 of the Dungeon.
You were a hulking beast.
You visited 1 branch of the dungeon, and saw 5 of its levels.

You collected 294 gold pieces.

Inventory:

Jewellery
 p - a +6 ring of intelligence
Talismans
 b - a beast talisman (active)
 d - a serpent talisman
Wands
 t - a wand of digging (8)
Scrolls
 e - 3 scrolls of revelation {unknown}
 f - 6 scrolls of identify {unknown}
 k - a scroll of poison {unknown}
 m - 3 scrolls of teleportation {unknown}
 n - a scroll of summoning {unknown}
 o - a scroll of noise {unknown}
 r - a scroll of fear {unknown}
 s - a scroll of silence {unknown}
Potions
 a - 2 potions of lignification
 c - 4 potions of heal wounds {unknown}
 g - a potion of enlightenment {unknown}
 h - a potion of curing {unknown}
 i - 2 potions of berserk rage {unknown}
 j - 4 potions of ambrosia {unknown}
 l - a potion of haste {unknown}
 q - 2 potions of invisibility {unknown}


   Skills:
 - Level 1.0 Fighting
 - Level 2.0 Dodging
 * Level 6.4 Unarmed Combat
 * Level 5.4 Shapeshifting


You had 6 spell levels left.
You didn't know any spells.
Your spell library contained the following spells:

 Spells                   Type           Power      Damage    Failure   Level
 Tukima's Dance           Hex            0%         N/A       75%         3
 Passage of Golubria      Tloc           0%         N/A       98%         4
 Yara's Violent Unravell  Hex/Tmut       0%         3d3       100%        5


Dungeon Overview and Level Annotations

Branches:
Dungeon (5/15)
 Temple: D:4-7

Altars:
Vehumet


Innate Abilities, Weirdness & Mutations

You are a hulking beast.
Your limbs bulge with bestial killing power. (Slay +3)
You cannot wear most types of armour.
You are amphibious.
You can wear up to eight rings at the same time.
Your skin changes colour to match your surroundings (Stealth+).
Your rubbery body absorbs attacks. (AC +1, EV +1)
((You are camouflaged when in or above water. (Stealth+)))
You have tentacles for arms and can constrict up to eight enemies at once.


Message History

You barely miss the ogre. The ogre closely misses you.
You bludgeon the ogre!
The ogre is moderately wounded.
You bludgeon the ogre!
The ogre is severely wounded.
The ogre closely misses you.
You bludgeon the ogre!
You kill the ogre!
A shadow imp comes into view.
The shadow imp shouts, "Give up, thou wayward hasty-witted wastrel!"
The shadow imp shouts, "Embrace submission, thou quaking rump-fed fleecer!"
A shadow imp is nearby!
Found a spear.
The shadow imp closely misses you.
You closely miss the shadow imp. You grab the shadow imp.
You tentacle-slap the shadow imp!
The shadow imp is almost dead.
You constrict the shadow imp.
You kill the shadow imp!
No target in view!
No target in view!
You see here a +0 ring mail.
You open the door.
There is an open door here.
j - 4 metallic inky potions (gained 1)
An ogre comes into view. It is wielding a +0 giant club.
An ogre is nearby!
The ogre shouts!
Found a flail.
You see here a wand of digging (8).
t - a wand of digging (8)
Okay, then.
The ogre attacks as you move away! The ogre hits you with a +0 giant club!
Found an escape hatch in the floor.
The ogre hits you with a +0 giant club!!
Ouch! That really hurt!
There is an escape hatch in the floor, spattered with blood here.
The ogre hits you with a +0 giant club!!
Ouch! That really hurt!
You die...

#...# #...#
#...###+######
#............#####+
#..................
#..................
#...##.......##....
#.O.##.......##....
#.h.#..............
#...#..............
#...#..............
#...##..)....##....
#...# .....##....
#...# ...........
#...# ...........
#...# ...........
.....##....


You could see an ogre.

Vanquished Creatures
  An ogre (D:5)
  4 scorpions
  A jelly (D:5)
  3 orc priests (D:4)
  A hound (D:4)
  7 adders
  A shadow imp (D:5)
  An ufetubus (D:4)
  4 dart slugs
  16 orcs
  10 ball pythons
  9 bats
  9 endoplasms
  A giant cockroach (D:1)
  5 goblins
  10 hobgoblins
  7 kobolds
  3 quokkas
  3 frilled lizards
  5 rats
101 creatures vanquished.

Notes
Turn   | Place    | Note
-------+----------+-------------------------------------------
     0 | D:1      | MisterAzrael the Octopode Shapeshifter began the quest for
                  | the Orb.
     0 | D:1      | Reached XP level 1. HP: 13/13 MP: 1/1
   172 | D:1      | Reached XP level 2. HP: 14/18 MP: 2/2
   359 | D:1      | Reached XP level 3. HP: 21/23 MP: 3/3
   880 | D:2      | Reached skill level 4 in Unarmed Combat
   956 | D:2      | Found a radiant altar of Vehumet.
  1110 | D:2      | Reached XP level 4. HP: 23/28 MP: 4/4
  1839 | D:3      | Reached XP level 5. HP: 27/33 MP: 5/5
  2310 | D:3      | Reached skill level 5 in Unarmed Combat
  2520 | D:4      | Reached XP level 6. HP: 22/38 MP: 6/6
  3663 | D:4      | Identified the +4 flail "Hellblazer" {vamp, rF+ rCorr}
  3769 | D:5      | Entered Level 5 of the Dungeon
  3795 | D:5      | Reached skill level 5 in Shapeshifting
  3795 | D:5      | Reached XP level 7. HP: 39/43 MP: 7/7
  3892 | D:5      | Reached skill level 6 in Unarmed Combat
  4066 | D:5      | Demolished by an ogre

Illustrated notes

Levels and vault maps discovered:
D:1:      matt_arrival_spirals, layout_loops_ring
D:2:      layout_basic, basic_altar, kennysheep_nondescript,
          minmay_snake_closets
D:3:      layout_basic
D:4:      layout_loops_corners
D:5:      layout_gridville

Skill      XL: |  1  2  3  4  5  6  7 |
---------------+----------------------+-----
Unarmed Combat | 4 5 6 |  6.4
Shapeshifting  | 4 5 |  5.4
Fighting       | |  1.0
Dodging        | |  2.0

Action                     |  1- 3 |  4- 6 |  7- 9 || total
---------------------------+-------+-------+-------++-------
  Melee: Unarmed           |    62 |    95 |    15 ||   172
         Punch             |     1 |     3 |     1 ||     5
         Tentacles         |    13 |    22 |     3 ||    38
         Constrict         |    14 |    30 |     3 ||    47
   Stab: Sleeping          |    11 |     8 |       ||    19
         Distracted        |       |     1 |       ||     1
 Armour: Skin              |     6 |     4 |       ||    10
  Dodge: Dodged            |    29 |    61 |    10 ||   100

Table legend: (Time is in decaauts)
 A = Elapsed time spent in this place.
 B = Non-inter-level travel time spent in this place.
 C = Inter-level travel time spent in this place.
 D = Time resting spent in this place.
 E = Time spent auto-exploring this place.
 F = Levels seen in this place.
 G = Mean time per level.
                   A        B        C        D        E       F      G
               +--------+--------+--------+--------+--------+-----+--------+
         Total |   4051 |   3904 |    147 |    354 |   3005 |   5 |  810.2 |
       Dungeon |   4051 |   3904 |    147 |    354 |   3005 |   5 |  810.2 |
               +--------+--------+--------+--------+--------+-----+--------+

Top non-repeatable levels by time:
     D:4: 1267 daAuts
     D:2: 994 daAuts
     D:1: 829 daAuts
     D:3: 664 daAuts
     D:5: 295 daAuts
